 Dungeon Crawl Stone Soup version 0.31-a0-1603-gbec6b6ccbf (webtiles) character file.

Game seed: 6021432760500227093

21102 jasper the Carver (level 12, -10/99 HPs)
             Began as a Human Fighter on Jan 7, 2024.
             Was a High Priest of Trog.
             Mangled by an orc warrior
             ... wielding a +0 glaive
              (11 damage)
             ... on level 2 of the Orcish Mines.
             The game lasted 00:24:58 (15395 turns).

jasper the Carver (Human Fighter)                  Turns: 15395, Time: 00:24:59

Health: -10/99     AC: 18    Str: 18    XL:     12   Next: 86%
Magic:  12/12      EV:  9    Int:  8    God:    Trog [*****.]
Gold:   962        SH:  0    Dex: 23    Spells: 11/11 levels left

rFire   + + .        H - +2 scimitar
rCold   + . .        c - +0 buckler
rNeg    . . .        y - +0 plate armour
rPois   +            n - +0 helmet
rElec   +            w - +0 cloak
rCorr   +            (no gloves)
SInv    .            u - +0 pair of boots
Will    .....        D - amulet of reflection Stlth
                     l - ring of protection from fire
HPRegen 0.36/turn    A - +6 ring of dexterity
MPRegen 0.13/turn

%: reflection
@: confused, resistant
A: explore regen
a: Renounce Religion, Berserk, Trog's Hand, Brothers in Arms


You were on level 2 of the Orcish Mines.
You worshipped Trog.
Trog was extremely pleased with you.
You visited 3 branches of the dungeon, and saw 15 of its levels.

You collected 1573 gold pieces.
You spent 611 gold pieces at shops.

Inventory:

Hand Weapons
 a - a +0 long sword of venom
 d - a +0 dagger of protection
 j - the +9 rapier of the Ageing Hero {venom, rPois Will- rCorr}
   (You took it off an orc wizard on level 12 of the Dungeon)

   rPois:     It protects you from poison Will-: It decreases your willpower.
   rCorr:     It protects you from acid and corrosion.
 k - a +0 dagger
 o - a +5 long sword
 v - a +2 rapier of electrocution
 F - a +4 long sword of freezing
 H - a +2 scimitar (weapon)
 I - a +0 great sword
Missiles
 g - 9 javelins
 h - 139 stones
 z - 3 curare-tipped darts
 C - 7 boomerangs (quivered)
 K - 9 poisoned darts
Armour
 b - a +0 scale mail
 c - a +0 buckler (worn)
 n - a +0 helmet (worn)
 r - a +0 chain mail
 t - a +0 crystal plate armour
 u - a +0 pair of boots (worn)
 w - a +0 cloak (worn)
 y - a +0 plate armour (worn)
Jewellery
 l - a ring of protection from fire (left hand)
 A - a +6 ring of dexterity (right hand)
 D - an amulet of reflection (around neck)
 E - a ring of see invisible
Wands
 p - a wand of flame (11)
 M - a wand of paralysis (8)
Scrolls
 f - 5 scrolls of vulnerability
 m - 4 scrolls of fear
 q - a scroll of revelation
 B - 8 scrolls of identify
 G - 3 scrolls of teleportation
 J - a scroll of fog
Potions
 e - a potion of enlightenment
 i - 2 potions of brilliance
 s - 3 potions of mutation
Miscellaneous
 L - a box of beasts
 N - a phial of floods


   Skills:
 * Level 10.7 Fighting
 - Level 14.0 Long Blades
 + Level 8.7 Armour
 + Level 6.0 Dodging
 - Level 4.4 Shields
 + Level 5.9 Evocations


You had 11 spell levels left.
You didn't know any spells.
Your spell library was empty.

Dungeon Overview and Level Annotations

Branches:
Dungeon (12/15)            Temple (1/1) D:4            Lair (0/5) D:11
    Orc (2/2) D:12
    Elf: Orc:2

Altars:
Cheibriados
Dithmenos
Elyvilon
Fedhas
Gozag
Hepliaklqana
Kikubaaqudgha
Makhleb
Nemelex Xobeh
Okawaru
Qazlal
Ru
Sif Muna
Trog
Uskayaw
Vehumet
Wu Jian
Xom
Yredelemnul
Zin
The Shining One

Shops:
D:2 *

Annotations:
D:11 exclusion: 2 oklob plants


Innate Abilities, Weirdness & Mutations

You regain HP and MP as you explore.


Message History

The puff of flame misses you.
The puff of flame hits the kobold blastminer!
The orc warrior hits you with a +0 glaive!
You take 8 damage, and have 47/99 hp.
Okay, then.
You miss something.
The kobold blastminer shoots a bolt.
The bolt closely misses you.
The orc priest looks encouraged for a moment.
You closely miss the orc priest. Something hits you but does no damage.
The orc warrior hits you with a +0 glaive!
The orc priest barely misses you.
The kobold blastminer blasts its cannon at you.
The iron shot hits you!!
* * * LOW HITPOINT WARNING * * *
The kobold blastminer is knocked back by the blast.
You take 39 damage, and have 8/99 hp.
MASSIVE DAMAGE!!
Okay, then.
You are too confused!
Unknown command.
You feel protected.
The orc priest hits you but does no damage.
Something hits you but does no damage.
The orc warrior hits you with a +0 glaive.
* * * LOW HITPOINT WARNING * * *
The orc priest closely misses you.
You take 4 damage, and have 4/99 hp.
Okay, then.
Okay, then.
The kobold blastminer shoots a bolt.
The bolt hits you but does no damage.
The orc priest miscasts a cantrip.
Something hits you but does no damage. The orc warrior closely misses you.
The orc priest attacks as it pursues you!
The orc priest hits you with a +0 dagger.
* * * LOW HITPOINT WARNING * * *
There is a stone staircase leading up, spattered with blood here.
You take 3 damage, and have 1/99 hp.
The kobold blastminer shoots a bolt.
The bolt hits you but does no damage.
The orc priest hits you but does no damage.
The orc warrior hits you from afar with a +0 glaive!
You die...

##............
.##............ .
..............#..
.................
.................
....$............
......o.......##
........o).K...#
.......o@........
...#......#......
.........$.....#.
#................
......#....$...#.
.......#......#.$
....$.##.......#.
.... .........


You could see a kobold blastminer, an orc warrior and 2 orc priests.

Vanquished Creatures
  Erolcha (D:9)
  4 two-headed ogres
  A tengu warrior (D:9)
  Lodul (D:11)
  2 necromancers
  A manticore (D:11)
  A large abomination (D:11)
  2 unseen horrors (D:11)
  A kobold demonologist (D:12)
  2 harpy zombies (D:11)
  8 trolls
  2 hornets
  A meliai zombie (D:11)
  Sigmund (D:3)
  3 wraiths (D:11)
  A shadow (D:9)
  2 wyverns
  16 yaks
  A steam dragon (D:7)
  A warg (Orc:1)
  4 vampire mosquitoes
  3 acid dragons
  A water moccasin (D:7)
  8 orc warriors
  An ettin simulacrum (Orc:1)
  4 black bears
  An elephant zombie (D:11)
  A small abomination (D:11)
  10 ogres
  2 orc skeletons (Orc:1)
  7 centaurs
  2 wolves (D:9)
  2 phantoms (D:5)
  3 kobold brigands
  Blork the orc (D:5)
  2 bullfrogs
  2 gnoll sergeants (D:9)
  A scorpion (D:7)
  12 wights
  A spriggan zombie (D:11)
  5 killer bees (D:9)
  5 howler monkeys
  2 wolf zombies (D:11)
  4 centaur zombies (D:11)
  A jelly (D:6)
  A bombardier beetle (D:7)
  2 gnoll boudas
  2 hounds
  13 orc priests
  3 sleepcaps
  Terence (D:3)
  2 iguanas
  16 orc wizards
  A troll simulacrum (Orc:1)
  2 killer bee zombies (D:11)
  An ogre skeleton (Orc:1)
  Robin (D:3)
  7 adders
  23 gnolls
  A shadow imp (D:7)
  A white imp (D:5)
  4 ufetubi
  An orc simulacrum (Orc:1)
  3 orc zombies (Orc:1)
  5 dart slugs
  58 orcs
  3 bats
  8 endoplasms
  2 giant cockroaches
  17 goblins
  10 hobgoblins
  2 jackals (D:1)
  24 kobolds
  4 quokkas
  7 ball pythons
  4 frilled lizards
  2 rats
368 creatures vanquished.

Vanquished Creatures (others)
  Nessos (D:12)
1 creature vanquished.

Grand Total: 369 creatures vanquished

Notes
Turn   | Place    | Note
-------+----------+-------------------------------------------
     0 | D:1      | jasper the Human Fighter began the quest for the Orb.
     0 | D:1      | Reached XP level 1. HP: 18/18 MP: 1/1
   101 | D:1      | Reached XP level 2. HP: 24/24 MP: 2/2
   295 | D:1      | Reached skill level 3 in Long Blades
   440 | D:1      | Reached XP level 3. HP: 29/29 MP: 3/3
   887 | D:2      | Found Cysunof's General Store.
  1164 | D:2      | Reached skill level 4 in Long Blades
  1263 | D:2      | Bought a potion of curing for 39 gold pieces
  1385 | D:2      | Reached XP level 4. HP: 35/35 MP: 4/4
  1756 | D:3      | Noticed Robin
  1772 | D:3      | Killed Robin
  2024 | D:3      | Found a basalt altar of Yredelemnul.
  2024 | D:3      | Found a faded altar of an unknown god.
  2030 | D:3      | Found a hide-covered altar of Uskayaw.
  2034 | D:3      | Found a faded altar of an unknown god.
  2036 | D:3      | Found a glowing golden altar of the Shining One.
  2120 | D:3      | Noticed Sigmund
  2157 | D:4      | Reached skill level 5 in Long Blades
  2157 | D:4      | Reached XP level 5. HP: 39/41 MP: 5/5
  2248 | D:4      | Found a sacrificial altar of Ru.
  2274 | D:4      | Became a worshipper of Ru the Awakened
  2423 | D:4      | Noticed a black bear
  2441 | D:4      | Killed a black bear
  2442 | D:4      | Reached skill level 6 in Long Blades
  2442 | D:4      | Reached XP level 6. HP: 41/47 MP: 6/6
  3156 | D:4      | Found a staircase to the Ecumenical Temple.
  3196 | Temple   | Entered the Ecumenical Temple
  3584 | D:5      | Entered Level 5 of the Dungeon
  3612 | D:5      | Reached skill level 7 in Long Blades
  3612 | D:5      | Reached XP level 7. HP: 49/52 MP: 7/7
  3830 | D:5      | Noticed Blork the orc
  3838 | D:5      | Killed Blork the orc
  4006 | D:5      | Found a bloodstained altar of Trog.
  4094 | D:5      | Fell from the grace of Ru
  4094 | D:5      | Became a worshipper of Trog the Wrathful
  4170 | D:5      | Reached XP level 8. HP: 60/60 MP: 8/8
  4315 | D:5      | Reached skill level 8 in Long Blades
  4995 | D:6      | Found a radiant altar of Vehumet.
  5026 | D:6      | Reached * piety under Trog
  5663 | D:7      | Reached skill level 5 in Fighting
  5663 | D:7      | Reached skill level 5 in Armour
  5670 | D:7      | Reached skill level 9 in Long Blades
  5795 | D:7      | Found a stormy altar of Qazlal.
  5890 | D:7      | Reached XP level 9. HP: 52/68 MP: 9/9
  5953 | D:7      | HP: 3/68 [orc warrior/+0 battleaxe (9)]
  6151 | D:7      | Found an ornate altar of the Wu Jian Council.
  6533 | D:7      | Found an iron altar of Okawaru.
  6535 | D:7      | Found an opulent altar of Gozag.
  6573 | D:7      | Reached skill level 10 in Long Blades
  6949 | D:8      | Found an ancient bone altar of Kikubaaqudgha.
  7002 | D:8      | Noticed a troll
  7426 | D:8      | Noticed a hornet
  7437 | D:8      | Killed a hornet
  7472 | D:8      | Killed a troll
  7473 | D:8      | Reached skill level 11 in Long Blades
  7984 | D:8      | Reached XP level 10. HP: 51/76 MP: 10/10
  8023 | D:8      | Reached ** piety under Trog
  8201 | D:8      | Noticed a two-headed ogre
  8216 | D:8      | Killed a two-headed ogre
  8217 | D:8      | Reached skill level 12 in Long Blades
  8483 | D:9      | Noticed a tengu warrior
  8493 | D:9      | Noticed a two-headed ogre
  8821 | D:10     | Entered Level 10 of the Dungeon
  8834 | D:10     | Found a shadowy altar of Dithmenos.
  8895 | D:10     | Reached skill level 13 in Long Blades
  9026 | D:10     | Noticed a two-headed ogre
  9032 | D:10     | Killed a two-headed ogre
  9211 | D:10     | Reached skill level 14 in Long Blades
  9474 | D:10     | Noticed a two-headed ogre
  9489 | D:10     | Killed a two-headed ogre
  9490 | D:10     | Reached skill level 1 in Dodging
  9490 | D:10     | Reached skill level 1 in Evocations
  9490 | D:10     | Reached XP level 11. HP: 75/83 MP: 11/11
  9891 | D:11     | Noticed a manticore
  9892 | D:11     | Noticed Lodul
  9911 | D:11     | Killed a manticore
  9919 | D:11     | Killed Lodul
 10299 | D:11     | Noticed an oklob plant
 10365 | D:11     | Noticed a large abomination
 10370 | D:11     | Found an ancient bone altar of Kikubaaqudgha.
 10571 | D:11     | Found a staircase to the Lair.
 10573 | D:11     | Noticed an oklob plant
 10601 | D:11     | You fall into a shaft and drop 1 floor!
 10682 | D:12     | Identified the +9 rapier of the Ageing Hero {venom, rPois
                  | Will- rCorr}
 10685 | D:12     | Reached *** piety under Trog
 10790 | D:12     | Found a staircase to the Orcish Mines.
 11499 | D:12     | Noticed Nessos
 11507 | D:12     | Killed Nessos
 11634 | D:9      | Reached **** piety under Trog
 11635 | D:9      | Reached XP level 12. HP: 64/94 MP: 12/12
 11744 | D:9      | Noticed Erolcha
 11757 | D:9      | Killed Erolcha
 12279 | D:9      | Reached skill level 5 in Dodging
 12288 | D:9      | Killed a tengu warrior
 12381 | D:9      | Found a white marble altar of Elyvilon.
 12398 | D:9      | Killed a two-headed ogre
 12399 | D:9      | Reached skill level 5 in Evocations
 12504 | D:9      | Found a snail-covered altar of Cheibriados.
 12686 | D:2      | Bought a scroll of fear for 52 gold pieces
 12686 | D:2      | Bought a box of beasts for 520 gold pieces
 12688 | D:3      | Noticed Terence
 12706 | D:3      | Killed Terence
 12778 | D:3      | Killed Sigmund
 12779 | D:3      | Reached skill level 10 in Fighting
 13574 | D:11     | Reached ***** piety under Trog
 13614 | D:11     | Identified the +1 hand axe of Truth {heavy, rF- Str+3
                  | Int+2}
 13656 | D:11     | HP: 3/97 [large abomination (30)]
 13665 | D:11     | HP: 7/145 [spriggan zombie (3)]
 14506 | Orc:1    | Entered Level 1 of the Orcish Mines
 15184 | Orc:2    | Entered Level 2 of the Orcish Mines
 15393 | Orc:2    | HP: 4/99 [orc warrior/+0 glaive (5)]
 15394 | Orc:2    | HP: 1/99 [orc priest/+0 dagger (3)]
 15395 | Orc:2    | Mangled by an orc warrior

Illustrated notes

Levels and vault maps discovered:
D:1:      co_arrival_square_in_a_square_in_a_square, layout_rooms,
          serial_curves, eino_curves_01, eino_curves_03
D:2:      layout_loops_corners, serial_shops, shop, minmay_splitting_lines
D:3:      layout_basic, chequers_temple_overflow_minitemple, uniq_sigmund,
          uniq_robin, uniq_terence
D:4:      layout_layer_cave, mainiacjoe_overflow_chevrons,
          minmay_temple_entry_wispy, grunt_decor_mini_mirrors
D:5:      layout_basic, mainiacjoe_overflow_cross_hatched, uniq_blork_the_orc
D:6:      layout_basic, kennysheep_mini, hellmonk_no_cap
D:7:      layout_gridville, marbit_many_paths, grunt_qazlal_clouds,
          chequers_temple_overflow_statue_of_worship
D:8:      layout_basic, kiku_gazebo_garden_becter
D:9:      minmay_clustersquares, layout_basic,
          mainiacjoe_overflow_small_starburst, kennysheep_little_box, uniq_grum,
          uniq_erolcha
D:10:     layout_basic, nicolae_overflow_hidden_temple,
          mainiacjoe_overflow_tiny_flanked
D:11:     layout_stronghold, dpeg_oklobed_lair, grunt_ministairs_8,
          roadster_capsule_ark_zombie, uniq_lodul
D:12:     layout_basic, hiddenorc2_lemuel, minivault_10, uniq_nessos
Temple:   nicolae_temple_little_seven
Orc:1:    dreamdust_under_siege, layout_caves, serial_shops, shop, basic_altar,
          uniq_jorgrun
Orc:2:    hellmonk_orc_salted, layout_caves, nicolae_orc_rockfall,
          lemuel_statue_altar

Skill      XL: |  1  2  3  4  5  6  7  8  9 10 11 12 |
---------------+-------------------------------------+-----
Long Blades    | 3 4 5 6 7 9 11 14 | 14.0
Fighting       | 4 5 6 8 10 | 10.7
Armour         | 4 5 6 7 8 |  8.7
Shields        | 4 |  4.4
Dodging        | 1 4 6 |  6.0
Evocations     | 1 4 5 |  5.9

Action                     |  1- 3 |  4- 6 |  7- 9 | 10-12 || total
---------------------------+-------+-------+-------+-------++-------
  Melee: Long sword        |    97 |   114 |    60 |   550 ||   821
         Rapier            |       |    29 |   251 |       ||   280
         Scimitar          |       |       |       |   293 ||   293
  Throw: Stone             |       |     6 |       |       ||     6
         Javelin           |       |     3 |       |     6 ||     9
         Dart              |       |    10 |     1 |    11 ||    22
         Boomerang         |       |       |       |    13 ||    13
 Invoke: Berserk           |       |       |     1 |     6 ||     7
         Trog's Hand       |       |       |       |     7 ||     7
  Evoke: Wand              |       |       |       |     8 ||     8
    Use: Scroll            |     3 |     7 |     9 |     3 ||    22
         Potion            |       |     1 |     4 |     3 ||     8
   Stab: Invisible         |       |       |     1 |       ||     1
 Armour: Scale mail        |    46 |    80 |       |       ||   126
         Chain mail        |       |    35 |   365 |   262 ||   662
         Plate armour      |       |       |       |   230 ||   230
  Dodge: Dodged            |    42 |    64 |   122 |   211 ||   439
  Block: Buckler           |    19 |    20 |   148 |   369 ||   556
         Reflection        |       |       |     5 |    24 ||    29

Table legend: (Time is in decaauts)
 A = Elapsed time spent in this place.
 B = Non-inter-level travel time spent in this place.
 C = Inter-level travel time spent in this place.
 D = Time resting spent in this place.
 E = Time spent auto-exploring this place.
 F = Levels seen in this place.
 G = Mean time per level.
                   A        B        C        D        E       F      G
               +--------+--------+--------+--------+--------+-----+--------+
         Total |  15336 |  14304 |   1032 |   2803 |   8135 |  15 | 1022.4 |
       Dungeon |  14631 |  13617 |   1014 |   2571 |   7917 |  12 | 1219.2 |
        Temple |      1 |      1 |      0 |      0 |      0 |   1 |    1.0 |
  Orcish Mines |    702 |    685 |     17 |    231 |    218 |   2 |  351.0 |
               +--------+--------+--------+--------+--------+-----+--------+

Top non-repeatable levels by time:
     D:7: 1785 daAuts
    D:11: 1641 daAuts
     D:8: 1547 daAuts
     D:4: 1482 daAuts
     D:9: 1311 daAuts
     D:6: 1207 daAuts
    D:12: 1095 daAuts
    D:10: 1062 daAuts
     D:2: 987 daAuts
     D:5: 877 daAuts
     D:3: 859 daAuts
     D:1: 774 daAuts
   Orc:1: 673 daAuts
   Orc:2: 29 daAuts
  Temple: 1 daAuts
